 Dungeon Crawl Stone Soup version 0.28-a0-1389-gc726bef33b (webtiles) character file.

Game seed: 13066291327561523240

116 Deminshera the Chiller (level 5, -3/45 HPs)
             Began as an Ogre Ice Elementalist on Jan 3, 2022.
             Was a Follower of Zin.
             Slain by a killer bee zombie (4 damage)
             ... on level 3 of the Dungeon.
             The game lasted 00:04:24 (4058 turns).

Deminshera the Chiller (Ogre Ice Elementalist)      Turns: 4058, Time: 00:04:24

Health: -3/45      AC:  4    Str: 12    XL:     5   Next: 1%
Magic:  5/11       EV: 10    Int: 18    God:    Zin [*.....]
Gold:   140        SH:  0    Dex:  9    Spells: 4/12 levels left

rFire   . . .      SeeInvis .   k - +1 dagger (speed)
rCold   . . .      Faith    .   (no shield)
rNeg    . . .      Spirit   .   a - +0 robe
rPois   .          Reflect  .   (helmet restricted)
rElec   .          Harm     .   l - +0 cloak {Stlth+}
rCorr   .          Rampage  .   (gloves unavailable)
Will    .....                   (boots unavailable)
Stlth   +++.......              (no amulet)
HPRegen 0.15/turn               (no ring)
MPRegen 0.12/turn               (no ring)

@: on recite cooldown
A: large, unfitting armour, tough skin 1
a: Renounce Religion, Recite, Donate Gold


You were on level 3 of the Dungeon.
You worshipped Zin.
Zin was aware of your devotion.
You visited 1 branch of the dungeon, and saw 3 of its levels.

You collected 155 gold pieces.
You donated 15 gold pieces to Zin.

Inventory:

Hand Weapons
 k - a +1 dagger of speed (weapon)
Armour
 a - a +0 robe (worn)
 l - a +0 cloak of stealth (worn)
Jewellery
 h - a ring of fire
Scrolls
 b - a scroll of teleportation {unknown}
 d - a scroll of holy word {unknown}
 g - a scroll of identify {unknown}
 i - a scroll of fear {unknown}
 j - a scroll of immolation
Potions
 c - 3 potions of curing {unknown}
 e - a potion of brilliance {unknown}
 f - a potion of heal wounds {unknown}


   Skills:
 - Level 2.0 Dodging
 - Level 2.0 Stealth
 + Level 4.0 Spellcasting
 + Level 0.0 Conjurations
 + Level 4.5 Ice Magic


You had 4 spell levels left.
You knew the following spells:

 Your Spells              Type           Power      Damage    Failure   Level
a - Freeze                Ice            76%        1d9       2%          1
b - Frozen Ramparts       Ice            38%        1d5       7%          3
c - Hailstorm             Conj/Ice       11%        3d5       50%         4

Your spell library contained the following spells:

 Spells                   Type           Power      Damage    Failure   Level
 Ozocubu's Armour         Ice            19%        N/A       7%          3
 Magic Dart               Conj           12%        1d3       14%         1
 Call Imp                 Summ           3%         N/A       22%         2
 Searing Ray              Conj           6%         2d4       22%         2
 Mephitic Cloud           Conj/Pois/Air  3%         N/A       41%         3
 Fulminant Prism          Conj/Hex       1%         3d6       82%         4


Dungeon Overview and Level Annotations

Branches:
Dungeon (3/15)

Altars:
Zin


Innate Abilities, Weirdness & Mutations

You are too large for most types of armour.
You have tough skin. (AC +1)


Message History

The wall freezes the killer bee zombie but does no damage.
The killer bee zombie misses you.
You miss the killer bee zombie.
The killer bee zombie is moderately damaged.
The killer bee zombie completely resists.
The wall freezes the killer bee zombie but does no damage.
The killer bee zombie hits you but does no damage.
You hit the killer bee zombie.
The killer bee zombie is moderately damaged.
The killer bee zombie completely resists.
The wall freezes the killer bee zombie but does no damage.
The killer bee zombie hits you.
* * * LOW HITPOINT WARNING * * *
You miss the killer bee zombie.
The killer bee zombie is moderately damaged.
The killer bee zombie completely resists.
The wall freezes the killer bee zombie but does no damage.
The killer bee zombie barely misses you.
You hit the killer bee zombie.
The killer bee zombie is heavily damaged.
The wall freezes the killer bee zombie but does no damage.
The killer bee zombie hits you.
* * * LOW HITPOINT WARNING * * *
You hit the killer bee zombie.
The killer bee zombie is heavily damaged.
The killer bee zombie completely resists.
The wall freezes the killer bee zombie but does no damage.
The killer bee zombie hits you.
* * * LOW HITPOINT WARNING * * *
You hit the killer bee zombie.
The killer bee zombie is severely damaged.
The killer bee zombie completely resists.
The wall freezes the killer bee zombie but does no damage.
The killer bee zombie barely misses you.
You closely miss the killer bee zombie.
The killer bee zombie is severely damaged.
The frozen ramparts melt away.
The killer bee zombie hits you.
* * * LOW HITPOINT WARNING * * *
The killer bee zombie hits you.
You die...

##.###.###.#.###..
#............#
#..###.###.### #
#.# #.# #
#..###.###.####
..#..............
....###.#.######
..#Z###.#.#
#8#...#.#@#
.#......#Z#
.........#.#
.......#...#
.......##......#
....... ....##.#
♣♣♣♣♣.......#
♣♣......# ♣......#


You could see a killer bee zombie.

Vanquished Creatures
  Crazy Yiuf (D:2)
  An adder (D:2)
  3 gnolls (D:2)
  A dart slug (D:1)
  A bat (D:2)
  6 endoplasms
  A giant cockroach (D:1)
  5 hobgoblins
  4 jackals (D:1)
  2 quokkas
  6 ball pythons
  3 frilled lizards
  5 goblins
  5 kobolds
  3 rats
47 creatures vanquished.

Notes
Turn   | Place    | Note
-------+----------+-------------------------------------------
     0 | D:1      | Deminshera the Ogre Ice Elementalist began the quest for
                  | the Orb.
     0 | D:1      | Reached XP level 1. HP: 16/16 MP: 3/3
   471 | D:1      | Reached XP level 2. HP: 18/24 MP: 2/5
  1764 | D:2      | Reached XP level 3. HP: 31/31 MP: 5/7
  1768 | D:2      | Learned a level 3 spell: Frozen Ramparts
  2048 | D:2      | Found a faded altar of an unknown god.
  2199 | D:2      | Found a runed translucent door.
  2200 | D:2      | Noticed Crazy Yiuf
  2414 | D:2      | Found a glowing silver altar of Zin.
  2573 | D:2      | Became a worshipper of Zin the Law-Giver
  2573 | D:2      | Reached * piety under Zin
  3273 | D:2      | Reached XP level 4. HP: 25/39 MP: 4/9
  3600 | D:2      | Killed Crazy Yiuf
  3601 | D:2      | Reached XP level 5. HP: 7/45 MP: 2/11
  4015 | D:3      | Learned a level 4 spell: Hailstorm
  4058 | D:3      | HP: 1/45 [killer bee zombie (3)]
  4058 | D:3      | Slain by a killer bee zombie

Illustrated notes

Levels and vault maps discovered:
D:1:      lemuel_arrival_funnel, layout_basic, minmay_curled_crystal
D:2:      layout_basic, hellmonk_ecumenical_altar_blasted, basic_altar,
          minivault_25, nicolae_grassy_gnolls, uniq_crazy_yiuf_cottage
D:3:      layout_loops_ring, gammafunk_ghost_nasty_kobolds,
          kennysheep_decorative_pillar, hangedman_decor_clover_reticule

Skill      XL: |  1  2  3  4 |
---------------+-------------+-----
Dodging        | 2 |  2.0
Spellcasting   | 3 4 |  4.0
Stealth        | 2 |  2.0
Ice Magic      | 4 |  4.5

Action                   |  1- 3 |  4- 6 || total
-------------------------+-------+-------++-------
Melee: Unarmed           |    18 |       ||    18
       Short sword       |    13 |       ||    13
       Dagger            |     5 |    11 ||    16
 Cast: Freeze            |    48 |     8 ||    56
       Frozen Ramparts   |     3 |     4 ||     7
Invok: Recite            |     1 |     3 ||     4
 Stab: Sleeping          |     1 |       ||     1
Armor: Robe              |    18 |     2 ||    20
Dodge: Dodged            |    32 |    13 ||    45

Table legend: (Time is in decaauts)
 A = Elapsed time spent in this place.
 B = Non-inter-level travel time spent in this place.
 C = Inter-level travel time spent in this place.
 D = Time resting spent in this place.
 E = Time spent auto-exploring this place.
 F = Levels seen in this place.
 G = Mean time per level.
                   A        B        C        D        E       F      G
               +--------+--------+--------+--------+--------+-----+--------+
         Total |   4052 |   3936 |    116 |   1202 |   2339 |   3 | 1350.7 |
       Dungeon |   4052 |   3936 |    116 |   1202 |   2339 |   3 | 1350.7 |
               +--------+--------+--------+--------+--------+-----+--------+

Top non-repeatable levels by time:
     D:2: 2229 daAuts
     D:1: 1760 daAuts
     D:3: 61 daAuts
